 Dungeon Crawl Stone Soup version 0.28.0-53-g5a82cb258f (webtiles) character file.

Game seed: 9402651193211638843

37 MisterFreud the Covert (level 3, -5/34 (35) HPs)
             Began as a Gnoll Delver on June 9, 2022.
             Slain by a necrophage (6 damage)
             ... on level 6 of the Dungeon.
             The game lasted 00:00:40 (319 turns).

MisterFreud the Covert (Gnoll Delver)                Turns: 319, Time: 00:00:41

HP:   -5/34 (35)    AC:  3    Str: 11    XL:     3   Next: 39%
MP:   4/4           EV: 13    Int: 11    God:
Gold: 0             SH:  0    Dex: 13    Spells: 3/3 levels left

rFire   . . .      SeeInvis .   a - +0 short sword
rCold   . . .      Faith    .   (no shield)
rNeg    . . .      Spirit   .   b - +0 leather armour
rPois   .          Reflect  .   (no helmet)
rElec   .          Harm     .   (no cloak)
rCorr   .          Rampage  .   (no gloves)
Will    .....                   (no boots)
Stlth   ++++......              (no amulet)
HPRegen 0.11/turn               (no ring)
MPRegen 0.09/turn               (no ring)

@: hasted, lightly drained, very quick
A: fangs 1, strong nose, distributed training
a: no special abilities


You were on level 6 of the Dungeon.
You visited 1 branch of the dungeon, and saw 2 of its levels.

Inventory:

Hand Weapons
 a - a +0 short sword (weapon)
Armour
 b - a +0 leather armour (worn)
Wands
 g - a wand of digging (3)
 h - a wand of polymorph (14)
Scrolls
 c - a scroll of fog
 d - a scroll of magic mapping
 e - a scroll of fear
 i - a scroll of enchant weapon {unknown}


   Skills:
 + Level 6.5 Fighting
 + Level 4.5 Short Blades
 + Level 0.7 Long Blades
 + Level 0.7 Axes
 + Level 0.7 Maces & Flails
 + Level 0.7 Polearms
 + Level 0.7 Staves
 + Level 0.7 Slings
 + Level 0.7 Bows
 + Level 0.7 Crossbows
 + Level 0.7 Throwing
 + Level 0.7 Armour
 + Level 4.5 Dodging
 + Level 9.5 Stealth
 + Level 0.7 Shields
 + Level 0.7 Unarmed Combat
 + Level 0.7 Spellcasting
 + Level 0.5 Conjurations
 + Level 0.5 Hexes
 + Level 0.5 Summonings
 + Level 0.5 Necromancy
 + Level 0.5 Translocations
 + Level 0.5 Transmutations
 + Level 0.5 Fire Magic
 + Level 0.5 Ice Magic
 + Level 0.5 Air Magic
 + Level 0.5 Earth Magic
 + Level 0.5 Poison Magic
 + Level 0.9 Invocations
 + Level 0.7 Evocations


You had 3 spell levels left.
You didn't know any spells.
Your spell library was empty.

Dungeon Overview and Level Annotations

Branches:
Dungeon (6/15)
 Temple: D:4-7

Altars:

Annotations:
D:5 Edmund


Innate Abilities, Weirdness & Mutations

You have very sharp teeth.
Your uncanny sense of smell can sniff out nearby items.
Your experience applies equally to all skills.


Message History

Unknown command.
You hit the hound.
The hound is lightly wounded.
The hound barely misses you.
The howler monkey hits you but does no damage.
Unknown command.
You barely miss the hound.
The hound is lightly wounded.
The hound bites you. The necrophage hits you.
You feel drained. The howler monkey hits you.
Unknown command.
You miss the hound.
The hound is lightly wounded.
The hound closely misses you. The necrophage barely misses you.
You closely miss the hound.
The hound is lightly wounded.
The howler monkey completely misses you.
The hound misses you.
Unknown command.
You hit the hound.
The hound is moderately wounded.
The necrophage barely misses you. The howler monkey misses you.
The hound barely misses you.
Unknown command.
You barely miss the hound.
The hound is moderately wounded.
The hound barely misses you.
Unknown command.
You closely miss the hound.
The hound is moderately wounded.
The howler monkey hits you!
* * * LOW HITPOINT WARNING * * *
The necrophage hits you.
* * * LOW HITPOINT WARNING * * *
The hound bites you.
* * * LOW HITPOINT WARNING * * *
You hit the hound. Your bite misses the hound.
The hound is heavily wounded.
The howler monkey barely misses you. The necrophage hits you.
You die...

..... #....#
#....## #.....
.. #....# ...
#.#.. ...s.
#h#.##....#
#@#.......#
#hn..# ....
##...#.[...
#.........
#.<..#...
#.........
.....#.....
...........##
#.............


You could see a necrophage, a howler monkey and a hound.

Vanquished Creatures
  A bullfrog skeleton (D:6)
  An adder (D:5)
2 creatures vanquished.

Notes
Turn   | Place    | Note
-------+----------+-------------------------------------------
     0 | D:5      | Reached skill level 9 in Stealth
     0 | D:5      | MisterFreud the Gnoll Delver began the quest for the Orb.
     0 | D:5      | Reached XP level 1. HP: 23/23 MP: 1/1
    37 | D:6      | Reached XP level 2. HP: 10/29 MP: 2/2
    37 | D:6      | Reached XP level 3. HP: 12/35 MP: 3/3
   242 | D:6      | Noticed an ogre
   276 | D:5      | Noticed Edmund
   289 | D:5      | Noticed a scorpion
   304 | D:6      | Noticed a necrophage
   304 | D:6      | Noticed a scorpion
   318 | D:6      | HP: 1/34 [hound (1)]
   319 | D:6      | Slain by a necrophage

Illustrated notes

Levels and vault maps discovered:
D:5:      due_chaos_kobolds, layout_loops_cross, minmay_temple_entry_waves,
          uniq_pikel, uniq_edmund
D:6:      layout_rooms

Skill      XL: | |
---------------+-+-----
Stealth        | |  9.5
Fighting       | |  6.5
Short Blades   | |  4.5
Long Blades    | |  0.7
Axes           | |  0.7
Maces & Flails | |  0.7
Polearms       | |  0.7
Staves         | |  0.7
Slings         | |  0.7
Bows           | |  0.7
Crossbows      | |  0.7
Throwing       | |  0.7
Armour         | |  0.7
Dodging        | |  4.5
Shields        | |  0.7
Unarmed Combat | |  0.7
Spellcasting   | |  0.7
Conjurations   | |  0.5
Hexes          | |  0.5
Summonings     | |  0.5
Necromancy     | |  0.5
Translocations | |  0.5
Transmutations | |  0.5
Fire Magic     | |  0.5
Ice Magic      | |  0.5
Air Magic      | |  0.5
Earth Magic    | |  0.5
Poison Magic   | |  0.5
Invocations    | |  0.9
Evocations     | |  0.7

Action                   || total
-------------------------++-------
Melee: Short sword       ||    40
       Bite              ||     5
       Punch             ||     1
  Use: Potion            ||     1
Armor: Leather armour    ||     8
Dodge: Dodged            ||    42
